 Seeded DCSS version 0.30.1-4-g462c640d31 (webtiles) character file.

Game seed: 1882581695637917331 (custom seed)

59 Psyclone the Conjurer (level 4, -2/27 HPs)
             Began as an Octopode Conjurer on Sept 19, 2023.
             Slain by Terence
             ... wielding a +0 hand axe
              (9 damage)
             ... on level 3 of the Dungeon.
             The game lasted 00:02:52 (2172 turns).

Psyclone the Conjurer (Octopode Conjurer)           Turns: 2172, Time: 00:02:52

Health: -2/27      AC:  1    Str:  6    XL:     4   Next: 3%
Magic:  2/8        EV: 13    Int: 22    God:
Gold:   100        SH:  0    Dex: 10    Spells: 6/9 levels left

rFire   . . .        a - +0 dagger (speed)
rCold   . . .        (no shield)
rNeg    . . .        (helmet restricted)
rPois   .            (no amulet)
rElec   .            (no ring)
rCorr   .            (no ring)
SInv    .            (no ring)
Will    .....        (no ring)
Stlth   +++          (no ring)
HPRegen 0.24/turn    (no ring)
MPRegen 0.11/turn    (no ring)
                     (no ring)

%: no passive effects
@: no status effects
A: almost no armour, amphibious, 8 rings, camouflage 1, gelatinous body 1,
(nimble swimmer 1), tentacles
a: no special abilities


You were on level 3 of the Dungeon.
You visited 1 branch of the dungeon, and saw 3 of its levels.

You collected 100 gold pieces.

Inventory:

Hand Weapons
 a - a +0 dagger of speed (weapon)
Scrolls
 c - 4 scrolls of identify {unknown}
 d - 3 scrolls of amnesia {unknown}
 g - a scroll of silence {unknown}
 i - a scroll of magic mapping {unknown}
 k - 2 scrolls of enchant weapon {unknown}
 m - 2 scrolls of blinking {unknown}
Potions
 b - a potion of ambrosia {unknown}
 e - a potion of magic
 h - a potion of curing {unknown}
 j - a potion of cancellation {unknown}
 l - a potion of degeneration {unknown}
 n - a potion of invisibility {unknown}


   Skills:
 - Level 2.0 Dodging
 - Level 2.6 Stealth
 + Level 3.1 Spellcasting
 + Level 4.8 Conjurations


You had 6 spell levels left.
You knew the following spells:

 Your Spells              Type           Power      Damage    Failure   Level
a - Magic Dart            Conj           96%        1d7       1%          1
b - Searing Ray           Conj           48%        2d6       2%          2

Your spell library contained the following spells:

 Spells                   Type           Power      Damage    Failure   Level
 Dazzling Flash           Conj/Hex       26%        N/A       14%         3
 Tukima's Dance           Hex            3%         N/A       36%         3
 Fulminant Prism          Conj/Hex       6%         3d6       41%         4
 Iskenderun's Mystic Bla  Conj/Tloc      13%        2d5       41%         4
 Passage of Golubria      Tloc           3%         N/A       77%         4
 Yara's Violent Unravell  Hex/Tmut       1%         3d3       98%         5


Dungeon Overview and Level Annotations

Branches:
Dungeon (3/15) Zot: 15836

Altars:

Annotations:
D:3 Terence


Innate Abilities, Weirdness & Mutations

You cannot wear most types of armour.
You are amphibious.
You can wear up to eight rings at the same time.
Your skin changes colour to match your surroundings (Stealth+).
Your rubbery body absorbs attacks. (AC +1, EV +1)
((You are camouflaged when in or above water. (Stealth+)))
You have tentacles for arms and can constrict up to eight enemies at once.


Message History

Confirm with . or Enter, or press ? or * to list all spells.
Aiming: Searing Ray (safe; 2% risk of failure)
Press: ? - help, Shift-Dir - straight line, f/p - Terence
Aim: Terence, wielding a +0 hand axe and wearing a +2 scale mail of willpower (lightly wounded, 82% to hit)
The searing ray hits Terence but does no damage.
Terence is lightly wounded. (Press . to maintain the ray.)
You now have 4/8 mp.
The searing ray misses Terence.
You now have 3/8 mp.
The searing ray hits Terence.
Terence is lightly wounded.
Terence barely misses you.
You now have 2/8 mp.
The searing ray hits Terence!
Terence is heavily wounded.
You finish channelling your searing ray.
Terence hits you with a +0 hand axe.
You take 1 damage, and have 26/27 hp.
You now have 1/8 mp.
Casting: Searing Ray (safe; 2% risk of failure)
Confirm with . or Enter, or press ? or * to list all spells.
You don't have enough magic to cast this spell.
Unknown command.
Terence hits you with a +0 hand axe.
You take 2 damage, and have 24/27 hp.
You hit Terence but do no damage. Your grab misses Terence.
Terence is heavily wounded.
Terence attacks as you move away! Terence hits you with a +0 hand axe.
You take 3 damage, and have 22/27 hp.
Terence attacks as you move away! Terence hits you with a +0 hand axe!
You take 9 damage, and have 13/27 hp.
MASSIVE DAMAGE!!
Terence attacks as you move away! Terence hits you with a +0 hand axe!
* * * LOW HITPOINT WARNING * * *
You take 6 damage, and have 7/27 hp.
MASSIVE DAMAGE!!
There is a stone staircase leading up here.
Okay, then.
The air fills with toxic fumes!
As you read the scroll labelled KEKHUI OPTI, it crumbles to dust.
It was a scroll of poison.
Terence hits you with a +0 hand axe!
You die...

##.. §..#
###§.###
§§§.§§# #
#§§#§# §#
####§§#§###§§##
#§§§§§§§§§§§§§§
#§§§@§§§§§#
##§#@####§#
.#######.#h#
!........#§#
.......h.§§#
...###...###
.........
...##...### ...
#...#


You could see Terence and a jackal.

Vanquished Creatures
  2 adders (D:2)
  2 dart slugs
  2 bats
  5 endoplasms
  3 goblins
  6 hobgoblins
  A jackal (D:3)
  4 kobolds
  A quokka (D:2)
  A ball python (D:2)
  2 frilled lizards (D:2)
  5 rats
34 creatures vanquished.

Notes
Turn   | Place    | Note
-------+----------+-------------------------------------------
     0 | D:1      | Psyclone the Octopode Conjurer began the quest for the Orb.
     0 | D:1      | Reached XP level 1. HP: 11/11 MP: 3/3
   510 | D:1      | Reached XP level 2. HP: 17/17 MP: 5/5
   907 | D:2      | Learned a level 2 spell: Searing Ray
   968 | D:2      | Reached XP level 3. HP: 21/21 MP: 2/7
  2123 | D:3      | Reached XP level 4. HP: 27/27 MP: 5/8
  2157 | D:3      | Noticed Terence
  2172 | D:3      | Slain by Terence

Illustrated notes

Levels and vault maps discovered:
D:1:      dpeg_arrival_erosion, layout_basic
D:2:      layout_basic, minmay_tripent
D:3:      layout_loops_ring, nicolae_wu_jian_wuxing_cycle, serial_bayou_pond_d,
          uniq_ijyb, uniq_terence

Skill      XL: |  1  2  3 |
---------------+----------+-----
Spellcasting   | 3 |  3.1
Dodging        | |  2.0
Stealth        | |  2.6
Conjurations   | |  4.8

Action                     |  1- 3 |  4- 6 || total
---------------------------+-------+-------++-------
  Melee: Dagger            |    23 |     1 ||    24
         Constrict         |     6 |       ||     6
         Tentacles         |     4 |       ||     4
   Cast: Magic Dart        |    54 |     3 ||    57
         Searing Ray       |       |     1 ||     1
    Use: Scroll            |       |     1 ||     1
   Stab: Sleeping          |     1 |       ||     1
 Armour: Skin              |     3 |       ||     3
  Dodge: Dodged            |    16 |     1 ||    17
